AoeStats
← TheConqueror

Black Forest

509530237Analyzed
2v2 RM · 4d ago on Sep 27, 2026· 53m 2s· 4 players
Game mode
Random Map
Map size
Medium (4 player)
Population
200
Speed
Normal
Resources
Standard
Victory
Conquest
Starting age
Dark Age
Ending age
Imperial Age
RankedLock teamsTeams togetherTeam positionsShared explorationLock speedFull tech treeHidden civsTurbo modeCheats
Victory
Defeat
🇩🇪 Bohemians · Germany
774
+12
🇵🇪 Bulgarians · Peru
665
+17
🇹🇷 Britons · Türkiye
696
-15
🇦🇺 Danes · Australia
681
-14
Graphain
2:36 Loom
23:30 Feudal Age
26:06 Double-Bit Axe
26:16 Gold Mining
29:14 Scale Mail Armor
29:25 Forging
HÜSREV AĞA
0:35 Loom
14:33 Feudal Age
15:23 Double-Bit Axe
15:22 Horse Collar
15:39 Gold Mining
15:39 Stone Mining
18:39 Wheelbarrow
21:18 Castle Age
20:56 Forging
20:47 Scale Mail Armor
20:13 Man-at-Arms
20:39 Arson
23:31 Squires
25:09 Bow Saw
25:13 Heavy Plow
25:08 Pikeman
25:35 Gambesons
26:31 Fletching
26:42 Padded Archer Armor
28:45 Long Swordsman
32:44 Leather Archer Armor
32:25 Bodkin Arrow
33:06 Iron Casting
33:54 Gold Shaft Mining
33:23 Husbandry
35:14 Yeomen
36:12 Yeomen
36:56 Ballistics
36:47 Fortified Wall
36:20 Treadmill Crane
37:04 Ballistics
36:55 Fortified Wall
39:44 Imperial Age
39:00 Chain Mail Armor
38:50 Light Cavalry
41:28 Chemistry
40:51 Conscription
40:03 Elite Longbowman
40:17 Crossbowman
42:09 Two-Man Saw
42:06 Halberdier
43:27 Hand Cart
43:00 Two-Handed Swordsman
44:48 Bracer
TheConqueror
12:53 Feudal Age
14:04 Horse Collar
14:14 Double-Bit Axe
20:01 Castle Age
18:46 Fletching
18:53 Man-at-Arms
19:47 Forging
19:38 Scale Mail Armor
20:38 Long Swordsman
21:39 Bow Saw
23:19 Heavy Plow
25:53 Wheelbarrow
27:22 Bodkin Arrow
29:14 Iron Casting
29:18 Loom
30:11 Squires
33:35 Ballistics
33:27 Fortified Wall
34:18 Chemistry
34:07 Hand Cart
34:41 Town Watch
38:16 Imperial Age
35:51 Town Patrol
36:07 Murder Holes
36:12 Pikeman
36:57 Padded Archer Armor
38:48 Chain Mail Armor
38:51 Leather Archer Armor
38:00 Elite Skirmisher
39:18 Bracer
39:53 Capped Ram
42:39 Two-Man Saw
42:25 Caravan
43:09 Ring Archer Armor
43:12 Plate Mail Armor
43:44 Blast Furnace
42:50 Houfnice
43:44 Heavy Scorpion
44:16 Onager
45:21 Scale Barding Armor
49:33 Chain Barding Armor
51:06 Conscription
50:54 Wagenburg Tactics
50:10 Elite Hussite Wagon
51:55 Halberdier
52:02 Two-Handed Swordsman
gabosoro201105
14:34 Feudal Age
17:21 Double-Bit Axe
18:07 Horse Collar
22:47 Castle Age
23:06 Gold Mining
33:03 Wheelbarrow
35:27 Imperial Age
34:54 Gold Shaft Mining
35:21 Hand Cart
34:52 Town Watch
38:23 Chemistry
37:06 Cavalier
43:18 Bow Saw
43:12 Heavy Plow
46:07 Onager
50:25 Scale Mail Armor
50:30 Scale Barding Armor
Connection lost

Rejoining the realm…

Still unreachable

The connection could not be restored.

Session expired

The server has moved on; the page needs a fresh start.